 Dungeon Crawl Stone Soup version 0.19.5 (webtiles) character file.

56593 Kisielow the Fencer (level 14, -2/129 HPs)
             Began as a Minotaur Fighter on May 11, 2017.
             Was a High Priest of Okawaru.
             Splashed with acid (25 damage)
             ... on level 5 of the Lair of Beasts.
             The game lasted 00:50:31 (19987 turns).

Kisielow the Fencer (Minotaur Fighter)             Turns: 19987, Time: 00:50:32

Health: -2/129     AC: 25    Str: 25    XL:     14   Next: 42%
Magic:  17/17      EV:  5    Int: 13    God:    Okawaru [*****.]
Gold:   702        SH:  0    Dex: 11    Spells: 1 memorised, 12 levels left

rFire  + . .     SeeInvis +     y - +6 scimitar of Painful Death {slice, rC++ Int+5 Dex-3}
rCold  + + .     Gourm    .     e - +1 plate armour "Esuruhik" {-Tele MR+ Int+3}
rNeg   . . .     Faith    .     o - +1 large shield
rPois  .         Spirit   .     c - +0 hat {SInv}
rElec  +         Reflect  .     W - +1 cloak {rF+}
rCorr  .         Harm     .     i - +0 pair of gloves {Dex+3}
MR     ++...     Rnd*Rage +     X - +0 pair of boots {Stlth+}
Stlth  .......... NoTele   +    (no amulet)
                                h - +3 ring of protection
                                T - ring of wizardry

@: confused
A: retaliatory headbutt, horns 2, talons 1, berserk 1, mutation resistance 1,
electricity resistance
a: Heroism, Finesse, Renounce Religion


You were on level 5 of the Lair of Beasts.
You worshipped Okawaru.
Okawaru was extremely pleased with you.
You were not hungry.

You visited 4 branches of the dungeon, and saw 17 of its levels.
You also visited: Labyrinth, Bailey and Volcano.

You collected 1458 gold pieces.
You spent 756 gold pieces at shops.

Inventory:

Hand Weapons
 y - the +6 scimitar of Painful Death (weapon) {slice, rC++ Int+5 Dex-3}
   (You found it on level 6 of the Dungeon)

   It inflicts extra damage upon your enemies.
   It affects your intelligence (+5).
   It affects your dexterity (-3).
   It greatly protects you from cold.
 F - a +7 scimitar of flaming
 Q - the +10 dark maul {crush}
   (You found it in a labyrinth)

   It inflicts extra damage upon your enemies.
 Y - a +2 great sword of flaming
Armour
 c - a +0 hat of see invisible (worn)
 e - the +1 plate armour "Esuruhik" (worn) {-Tele MR+ Int+3}
   (You bought it in a shop on level 5 of the Dungeon)

   It affects your intelligence (+3).
   It affects your resistance to hostile enchantments.
   It prevents most forms of teleportation.
 i - a +0 pair of gloves of dexterity (worn)
 k - a +1 shield of fire resistance
 o - a +1 large shield (worn)
 V - a +2 chain mail of fire resistance
 W - a +1 cloak of fire resistance (worn)
 X - a +0 pair of boots of stealth (worn)
Jewellery
 a - an uncursed amulet of harm
 b - the ring of the Crushed Lies {Ice rN+}
   (You took it off a minotaur in a labyrinth)

   [ring of ice]

   It enhances your ice magic.
   It makes you vulnerable to fire.
   It protects you from cold.
   It protects you from negative energy.
 g - an uncursed amulet of magic regeneration
 h - a +3 ring of protection (right hand)
 l - an uncursed ring of resist corrosion
 p - an uncursed ring of ice
 s - an uncursed ring of see invisible
 I - an uncursed amulet of faith {unknown}
 S - an uncursed ring of positive energy
 T - a ring of wizardry (left hand)
Wands
 n - a wand of digging (9/24)
 r - a wand of iceblast (7/15)
 C - a wand of teleportation (3/9)
 D - a wand of flame (28/48)
 E - a wand of polymorph (1/24)
 M - a wand of random effects (22/48)
 N - a wand of lightning (8/15)
 O - a wand of flame (8/48)
Scrolls
 d - a scroll of silence
 j - 5 scrolls of remove curse
 t - a scroll of blinking
 A - 4 scrolls of teleportation
Potions
 q - a potion of heal wounds
 u - a potion of cancellation
 w - 2 potions of haste
 B - 4 potions of curing
 K - 2 potions of might
 U - 2 potions of resistance {unknown}
Books
 v - a book of Power

   Spells                             Type                      Level
   a - Fulminant Prism                Conjuration/Hexes            4
   b - Iskenderun's Mystic Blast      Conjuration                  4
   c - Venom Bolt                     Conjuration/Poison           5
   d - Bolt of Magma                  Conjuration/Fire/Earth       5
   e - Iron Shot                      Conjuration/Earth            6
   f - Orb of Destruction             Conjuration                  7
   g - Spellforged Servitor           Conjuration/Summoning        7
 G - a book of Air

   Spells                             Type                      Level
   a - Shock                          Conjuration/Air              1
   b - Swiftness                      Charms/Air                   2
   c - Repel Missiles                 Charms/Air                   2
   d - Static Discharge               Conjuration/Air              3
   e - Lightning Bolt                 Conjuration/Air              5
 J - a book of Beasts

   Spells                             Type                      Level
   a - Summon Butterflies             Summoning                    1
   b - Call Canine Familiar           Summoning                    3
   c - Summon Ice Beast               Ice/Summoning                4
   d - Summon Mana Viper              Hexes/Summoning              5
   e - Summon Hydra                   Summoning                    7
 L - a book of the Tempests

   Spells                             Type                      Level
   a - Static Discharge               Conjuration/Air              3
   b - Lightning Bolt                 Conjuration/Air              5
   c - Fireball                       Conjuration/Fire             5
   d - Tornado                        Air                          9
   e - Shatter                        Earth                        9
 P - a book of Misfortune

   Spells                             Type                      Level
   a - Confusing Touch                Hexes                        1
   b - Confuse                        Hexes                        3
   c - Gell's Gravitas                Hexes/Translocation          3
   d - Petrify                        Transmutation/Earth          4
   e - Metabolic Englaciation         Hexes/Ice                    5
   f - Yara's Violent Unravelling     Hexes/Transmutation          5
 R - the Catalogue of Displacement
   (You found it in a labyrinth)

   Spells                             Type                      Level
   a - Apportation                    Translocation                1
   b - Gell's Gravitas                Hexes/Translocation          3
   c - Lesser Beckoning               Translocation                3
   d - Portal Projectile              Translocation                3
   e - Passage of Golubria            Translocation                4
Comestibles
 f - 7 bread rations
 m - 8 meat rations
 x - 6 fruits
 z - 2 beef jerkies
 H - 2 chunks of flesh


   Skills:
 + Level 13.3 Fighting
 * Level 17.4 Long Blades
 + Level 13.0 Armour
 + Level 13.4 Shields
 - Level 5.8 Invocations
 - Level 5.4 Evocations


You had 12 spell levels left.
You knew the following spells:

 Your Spells              Type           Power        Failure   Level  Hunger
a - Apportation           Tloc           #.........   100%        1    ##.....


Dungeon Overview and Level Annotations

Branches:
Dungeon (9/15)             Temple (1/1) D:7            Lair (5/6) D:9
  Swamp (0/4) Lair:4       Spider (0/4) Lair:4        Slime (0/5) Lair:5
    Orc (2/2) D:9             Elf (0/3) Orc:2

Altars:
Ashenzari
Cheibriados
Dithmenos
Elyvilon
Fedhas
Gozag
Hepliaklqana
Kikubaaqudgha
Makhleb
Nemelex Xobeh
Okawaru
Qazlal
Ru
Sif Muna
Trog
Uskayaw
Vehumet
Xom
Yredelemnul
Zin
The Shining One
Beogh
Jiyva

Shops:
D:4 (   D:5 [   Orc:2 [(?}


Innate Abilities, Weirdness & Mutations

You reflexively headbutt those who attack you in melee.
You have a pair of horns on your head.
You have sharp toenails.
You tend to lose your temper in combat.
You are somewhat resistant to further mutation.
You are resistant to electric shocks. (rElec)


Message History

The golden eye blinks at you. You resist with almost no effort.
You are splashed with acid!
The walls burn you!
You closely miss the golden eye.
You are splashed with acid!
The walls burn you!
You slash the golden eye! Your headbutt misses the golden eye.
The golden eye is severely wounded.
You are splashed with acid!
The walls burn you!
The golden eye blinks!
The golden eye blinks at you. You resist with almost no effort.
There is a staircase to the Slime Pits here.
You closely miss the golden eye.
The golden eye is severely wounded.
You are splashed with acid!
The walls burn you!
* * * LOW HITPOINT WARNING * * *
The golden eye turns its gaze towards you.
The golden eye blinks at you.
You easily resist.
You bump into the stone wall.
You are splashed with acid!
The walls burn you!
You die...

##.#.....................#
###............#..P....###
###...........#.####...#
..P.............#P######
............#......##
.............#####..#
.........#..# ##.###
............#######...#
............'._G@##.#### ###
............##.>.##.##.# ###.#
............##...##....###PP.##
............#######...........##
.............#####.............#
..P............................#
..#............................#
...#...........................#
###................P...........#


You could see a golden eye.

Vanquished Creatures
  Gastronok (D:9)
  3 orc warlords
  2 stone giants (Orc:2)
  A minotaur (Lab)
  2 hydras
  Erica (D:9)
  5 orc high priests (Orc:2)
  4 orc knights
  2 cyclopes
  7 orc sorcerers
  A salamander (Volcano)
  The ghost of harcile the Gusty, a novice HEAE of Vehumet (D:7)
  Psyche (D:9)
  4 elephants
  5 black mambas
  8 spiny frogs
  9 komodo dragons (Lair:1)
  4 trolls
  3 jumping spiders (Lair:4)
  17 blink frogs
  A hippogriff (Lair:4)
  5 two-headed ogres
  2 redbacks (Lair:4)
  22 yaks
  A fire bat (Volcano)
  A warg (Orc:2)
  2 hell hounds (Volcano)
  6 swamp worms (Lair:4)
  4 water moccasins
  37 orc warriors
  13 porcupines
  2 ice beasts (D:9)
  A hornet zombie (D:8)
  2 sky beasts
  2 black bears
  A necrophage (D:9)
  17 ogres
  5 wolves (Lair:5)
  7 centaurs
  6 crocodiles
  3 big kobolds
  12 bullfrogs
  6 gnoll sergeants
  2 scorpions
  A killer bee (D:8)
  3 howler monkeys
  An electric eel (Lair:4)
  2 bullfrog zombies
  A crimson imp (D:7)
  5 hounds
  30 orc priests
  2 jellies
  A bullfrog skeleton (D:7)
  9 iguanas
  19 orc wizards
  5 worker ants
  2 hound skeletons
  A worker ant zombie (D:9)
  Robin (D:2)
  14 gnolls
  8 adders
  A shadow imp (D:9)
  2 oozes
  2 adder zombies
  2 worms
  4 dart slugs
  5 leopard geckos
  109 orcs
  12 bats
  7 giant cockroaches
  14 hobgoblins
  8 jackals
  4 quokkas
  5 ball pythons
  5 frilled lizards
  30 goblins
  22 kobolds
  7 rats
  2 fungi (D:9)
587 creatures vanquished.

Vanquished Creatures (others)
  A centaur (Volcano)
1 creature vanquished.

Grand Total: 588 creatures vanquished

Notes
Turn   | Place    | Note
-------+----------+-------------------------------------------
     0 | D:1      | Kisielow the Minotaur Fighter began the quest for the Orb.
     0 | D:1      | Reached XP level 1. HP: 19/19 MP: 0/0
   106 | D:1      | Reached skill level 3 in Long Blades
   262 | D:1      | Reached XP level 2. HP: 21/26 MP: 1/1
   387 | D:1      | Reached skill level 4 in Long Blades
   510 | D:1      | Reached XP level 3. HP: 13/31 MP: 2/2
  1263 | D:2      | Reached skill level 5 in Long Blades
  1274 | D:2      | Reached XP level 4. HP: 21/39 MP: 3/3
  1832 | D:2      | Noticed Robin
  1880 | D:2      | Killed Robin
  1880 | D:2      | Reached XP level 5. HP: 43/46 MP: 4/4
  1946 | D:2      | Reached skill level 6 in Long Blades
  2449 | D:3      | Reached XP level 6. HP: 51/52 MP: 5/5
  2860 | D:3      | Reached skill level 10 in Long Blades
  2860 | D:3      | Reached XP level 7. HP: 69/69 MP: 6/6
  3697 | D:4      | Found Hianwage's Antique Weapon Emporium.
  4193 | D:4      | Reached XP level 8. HP: 75/77 MP: 7/7
  4366 | D:5      | Entered Level 5 of the Dungeon
  4443 | D:5      | Found a burning altar of Makhleb.
  5044 | D:5      | Found Meel's Antique Armour Shop.
  5170 | D:6      | Gained mutation: You tend to lose your temper in combat. [mutagenic meat]
  5171 | D:6      | Gained mutation: You are somewhat resistant to further mutation. [mutagenic meat]
  5217 | D:6      | Got an encrusted whip
  5218 | D:6      | Identified the +12 whip "Qeba" {pain, Stlth+} (You found it on level 6 of the Dungeon)
  5303 | D:6      | Reached skill level 11 in Long Blades
  5719 | D:6      | Got a polished scimitar
  5720 | D:6      | Identified the +6 scimitar of Painful Death {slice, rC++ Int+5 Dex-3} (You found it on level 6 of the Dungeon)
  5751 | D:7      | Found a staircase to the Ecumenical Temple.
  5758 | Temple   | Entered the Ecumenical Temple
  6036 | Temple   | Became a worshipper of Warmaster Okawaru
  6070 | D:7      | Reached XP level 9. HP: 83/83 MP: 8/8
  6080 | D:7      | Noticed harcile's ghost (novice HEAE)
  6093 | D:7      | Killed harcile's ghost
  6171 | D:7      | Found a flagged portal.
  6179 | Bailey   | Entered a bailey
  6195 | Bailey   | Noticed an orc warlord
  6270 | Bailey   | Noticed an orc knight
  6279 | Bailey   | Killed an orc knight
  6279 | Bailey   | Reached * piety under Okawaru
  6279 | Bailey   | Reached skill level 1 in Invocations
  6279 | Bailey   | Reached skill level 1 in Evocations
  6308 | Bailey   | Found a runed gate.
  6309 | Bailey   | Found a runed gate.
  6354 | Bailey   | Found a runed gate.
  6561 | Bailey   | Killed an orc warlord
  6561 | Bailey   | Reached ** piety under Okawaru
  6561 | Bailey   | Reached XP level 10. HP: 85/91 MP: 9/12
  7166 | D:8      | Identified the Incunabulum of Ashen Calling
  8216 | D:9      | Reached skill level 5 in Invocations
  8274 | D:9      | Found a staircase to the Lair.
  8303 | D:9      | Found a staircase to the Orcish Mines.
  8333 | D:9      | Reached *** piety under Okawaru
  8333 | D:9      | Reached skill level 5 in Evocations
  8540 | D:9      | Reached skill level 10 in Fighting
  8540 | D:9      | Reached skill level 12 in Long Blades
  8540 | D:9      | Reached skill level 10 in Armour
  8540 | D:9      | Reached skill level 10 in Shields
  8540 | D:9      | Reached XP level 11. HP: 100/100 MP: 14/14
  8565 | D:9      | Identified a scroll of acquirement
  8704 | D:9      | Noticed Psyche
  8709 | D:9      | Killed Psyche
  8857 | D:9      | Noticed Erica
  8865 | D:9      | Killed Erica
  8865 | D:9      | Reached **** piety under Okawaru
  8877 | D:9      | Found an opulent altar of Gozag.
  8951 | D:9      | Noticed Gastronok
  8971 | D:9      | Killed Gastronok
  8971 | D:9      | Reached skill level 13 in Long Blades
  8971 | D:9      | Reached XP level 12. HP: 72/108 MP: 15/15
  9104 | Lair:1   | Entered Level 1 of the Lair of Beasts
  9554 | Lair:1   | Received a gift from Okawaru
  9557 | Lair:1   | Reached ***** piety under Okawaru
 10151 | Lair:1   | Reached skill level 14 in Long Blades
 10169 | Lair:1   | Gained mutation: You are resistant to electric shocks. (rElec) [potion of beneficial mutation]
 10309 | Lair:1   | Received a gift from Okawaru
 11021 | Lair:1   | Learned a level 1 spell: Apportation
 11063 | Orc:1    | Entered Level 1 of the Orcish Mines
 11063 | Orc:1    | Found a roughly hewn altar of Beogh.
 11250 | Orc:1    | Paralysed by an orc sorcerer for 6 turns
 11400 | Orc:2    | Entered Level 2 of the Orcish Mines
 11851 | D:5      | Bought an ichor-stained plate armour for 756 gold pieces
 11861 | D:5      | Identified the cursed +1 plate armour "Esuruhik" {-Tele MR+ Int+3} (You bought it in a shop on level 5 of the Dungeon)
 11994 | Orc:2    | Noticed a stone giant
 12003 | Orc:2    | Killed a stone giant
 12349 | Orc:2    | Reached XP level 13. HP: 91/117 MP: 16/16
 12482 | Orc:2    | Found a roughly hewn altar of Beogh.
 12532 | Orc:2    | Noticed a stone giant
 12550 | Orc:2    | Killed a stone giant
 12550 | Orc:2    | Reached skill level 15 in Long Blades
 12900 | Orc:2    | Found Hanin's Armour Boutique.
 12914 | Orc:2    | Received a gift from Okawaru
 12954 | Orc:2    | Found Nanew's Antique Weapon Shop.
 13173 | Orc:2    | Noticed an orc warlord
 13199 | Orc:2    | Killed an orc warlord
 13945 | Orc:2    | Noticed an orc warlord
 13975 | Orc:2    | Paralysed by an orc sorcerer for 2 turns
 13995 | Orc:2    | Killed an orc warlord
 14355 | Orc:2    | Found Cag Zul's Gadget Boutique.
 14387 | Orc:2    | Found a roughly hewn altar of Beogh.
 14406 | Orc:2    | Found Tyilacrest's Magic Scroll Shop.
 14609 | Orc:2    | Reached skill level 16 in Long Blades
 14894 | Orc:2    | Found a staircase to the Elven Halls.
 14977 | Orc:2    | Gained mutation: You have sharp toenails. [potion of mutation]
 14977 | Orc:2    | Gained mutation: Your magical capacity is low. (-10% MP) [potion of mutation]
 15661 | Lair:1   | Lost mutation: Your magical capacity is low. (-10% MP) [potion of mutation]
 16035 | Lair:2   | Received a gift from Okawaru
 16818 | Lair:3   | Reached XP level 14. HP: 119/127 MP: 17/17
 17348 | Lair:4   | Found a hole to the Spider Nest.
 18341 | Lair:4   | Found a staircase to the Swamp.
 18597 | Lair:5   | Found a labyrinth entrance.
 18607 | Lair:5   | Reached skill level 17 in Long Blades
 18634 | Lab      | Entered a labyrinth
 18855 | Lab      | Got a brightly glowing jade ring
 18874 | Lab      | Identified the Catalogue of Displacement
 18891 | Lab      | Identified the ring of the Crushed Lies {Ice rN+} (You took it off a minotaur in a labyrinth)
 19078 | Lair:5   | Found a dark tunnel.
 19146 | Volcano  | Entered a volcano
 19973 | Lair:5   | Found a viscous altar of Jiyva.
 19974 | Lair:5   | Found a staircase to the Slime Pits.
 19987 | Lair:5   | Splashed with acid

Skill      XL: |  1  2  3  4  5  6  7  8  9 10 11 12 13 14 |
---------------+-------------------------------------------+-----
Long Blades    | 3 4 5 6 10 11 12 13 14 16 17 | 17.4
Armour         | 4 8 9 10 11 12 13 | 13.0
Shields        | 4 8 9 10 11 12 13 | 13.4
Fighting       | 4 8 9 10 11 12 13 | 13.3
Invocations    | 4 5 |  5.8
Evocations     | 3 5 |  5.4

Action                   |  1- 3 |  4- 6 |  7- 9 | 10-12 | 13-15 || total
-------------------------+-------+-------+-------+-------+-------++-------
Melee: Long sword        |    93 |   155 |   187 |       |       ||   435
       Headbutt          |    14 |    25 |    61 |    94 |   142 ||   336
       Scimitar          |       |       |    84 |   511 |   680 ||  1275
       Kick              |       |       |       |       |   117 ||   117
Invok: Heroism           |       |       |       |     2 |     5 ||     7
       Finesse           |       |       |       |       |     3 ||     3
Evoke: Wand              |       |       |       |     2 |     4 ||     6
  Use: Scroll            |       |     4 |    12 |    15 |     4 ||    35
       Potion            |       |     1 |     1 |     6 |     8 ||    16
 Stab: Invisible         |       |       |       |       |     1 ||     1
       Held in net/web   |       |       |       |       |     1 ||     1
  Eat: Chunk             |     1 |     6 |    13 |    17 |    19 ||    56
       Beef jerky        |       |       |     1 |     1 |       ||     2
       Meat ration       |       |       |       |       |     1 ||     1
       Pizza             |       |       |       |       |     1 ||     1
Armor: Scale mail        |    39 |    60 |    60 |    93 |       ||   252
       Plate armour      |       |       |       |    10 |   184 ||   194
       Chain mail        |       |       |       |       |     3 ||     3
Dodge: Dodged            |    37 |    35 |    35 |    87 |    62 ||   256
Block: Shield            |    57 |    10 |       |       |     1 ||    68
       Large shield      |       |   126 |   239 |   479 |   608 ||  1452
       Rpst.: Long sword |    11 |     8 |     6 |       |       ||    25
       Scimitar          |       |       |     3 |    10 |    13 ||    26
